 Dungeon Crawl Stone Soup version 0.30.1-9-gdf580d7c3d (webtiles) character file.

Game seed: 1414744795302706964

111 booth the Ruffian (level 4, -2/42 HPs)
             Began as a Troll Gladiator on Oct 20, 2023.
             Slain by an ogre
             ... wielding a +0 giant spiked club
              (29 damage)
             ... on level 3 of the Dungeon.
             The game lasted 00:09:23 (1460 turns).

booth the Ruffian (Troll Gladiator)                 Turns: 1460, Time: 00:09:24

Health: -2/42      AC:  4    Str: 24    XL:     4   Next: 62%
Magic:  3/3        EV: 10    Int:  4    God:
Gold:   101        SH:  0    Dex: 11    Spells: 3/3 levels left

rFire   . .          .
                       - Unarmed
rCold   . . .        (no shield)
rNeg    . . .        a - +0 robe
rPois   .            b - +0 hat
rElec   .            (no cloak)
rCorr   .            (gloves unavailable)
SInv    .            (boots unavailable)
Will    .....        (no amulet)
Stlth   +            (no ring)
HPRegen 1.07/turn    (no ring)
MPRegen 0.08/turn

%: no passive effects
@: no status effects
A: large, unfitting armour, claws 3, regeneration 1, shaggy fur 1, tough skin 1
a: no special abilities


You were on level 3 of the Dungeon.
You visited 1 branch of the dungeon, and saw 3 of its levels.

You collected 101 gold pieces.

Inventory:

Hand Weapons
 l - a +1 antimagic whip
Missiles
 c - 3 throwing nets (quivered)
 i - 2 poisoned darts
Armour
 a - a +0 robe (worn)
 b - a +0 hat (worn)
Scrolls
 g - 2 scrolls of teleportation
 j - a scroll of magic mapping {unknown}
 k - a scroll of immolation {unknown}
 m - a scroll of fog {unknown}
Potions
 e - a potion of brilliance
 f - a potion of mutation
 h - a potion of flight {unknown}


   Skills:
 + Level 2.2 Fighting
 + Level 2.5 Throwing
 + Level 2.9 Dodging
 * Level 4.1 Unarmed Combat


You had 3 spell levels left.
You didn't know any spells.
Your spell library contained the following spells:

 Spells                   Type           Power      Damage    Failure   Level
 Call Canine Familiar     Summ           0%         N/A       86%         3
 Portal Projectile        Hex/Tloc       0%         N/A       86%         3
 Leda's Liquefaction      Hex/Erth       0%         N/A       99%         4


Dungeon Overview and Level Annotations

Branches:
Dungeon (3/15)

Altars:
Hepliaklqana
Yredelemnul


Innate Abilities, Weirdness & Mutations

You are too large for most types of armour.
You have claws for hands.
Your natural rate of healing is unusually fast.
You are covered in fur. (AC +1)
You have tough skin. (AC +1)


Message History

Throw: 6 darts (poison)
Press: ? - help, Q - select action, (/) - cycle Shift-Dir - straight line, f - ogre
Aim: an ogre, wielding a +0 giant spiked club (73% to hit)
You throw a poisoned dart.
The poisoned dart barely misses the ogre.
Throw: 5 darts (poison)
Press: ? - help, Q - select action, (/) - cycle Shift-Dir - straight line, f/p - ogre
Aim: an ogre, wielding a +0 giant spiked club (73% to hit)
You throw a poisoned dart.
The poisoned dart barely misses the ogre.
Throw: large rock
Press: ? - help, Q - select action, (/) - cycle Shift-Dir - straight line, f/p - ogre
Aim: an ogre, wielding a +0 giant spiked club (73% to hit)
You throw a large rock. The large rock barely misses the ogre.
Throw: 4 darts (poison)
Press: ? - help, Q - select action, (/) - cycle Shift-Dir - straight line, f/p - ogre
Aim: an ogre, wielding a +0 giant spiked club (73% to hit)
You throw a poisoned dart.
The poisoned dart closely misses the ogre.
Throw: 3 darts (poison)
Press: ? - help, Q - select action, (/) - cycle Shift-Dir - straight line, f/p - ogre
Aim: an ogre, wielding a +0 giant spiked club (73% to hit)
You throw a poisoned dart. The poisoned dart hits the ogre.
The ogre is poisoned.
You barely miss the ogre.
The ogre is lightly wounded.
An orc comes into view. It is wielding a +0 club.
The ogre barely misses you.
The orc shouts!
You claw the ogre! You claw the ogre, but do no damage.
The ogre is moderately wounded.
The ogre hits you with a +0 giant spiked club!
You claw the ogre!
The ogre is severely wounded.
An orc comes into view. It is wielding a +0 dagger.
You barely miss the ogre.
The ogre is severely wounded.
The ogre hits you with a +0 giant spiked club!!
Ouch! That really hurt!
You die...

#o. #.. #.. ... #o#
#.. #.# #.. #(#
#.##### #O# #......
#@# #.#.### #.##
##.#.#
##..########....#
##...............#
#####..#..#####.....##
##.....##........#####
#..######.########
#.#.......#
#.[.#######


You could see an ogre (poisoned) and 2 orcs.

Vanquished Creatures
  4 gnolls (D:2)
  2 adders (D:2)
  2 dart slugs
  An orc (D:3)
  4 bats
  5 endoplasms
  3 giant cockroaches
  6 goblins
  3 hobgoblins
  5 jackals
  4 kobolds
  2 quokkas
  3 frilled lizards (D:1)
  2 rats
46 creatures vanquished.

Notes
Turn   | Place    | Note
-------+----------+-------------------------------------------
     0 | D:1      | booth the Troll Gladiator began the quest for the Orb.
     0 | D:1      | Reached XP level 1. HP: 19/19 MP: 0/0
   239 | D:1      | Reached XP level 2. HP: 28/28 MP: 1/1
   277 | D:1      | Found a faded altar of an unknown god.
   843 | D:2      | Found a basalt altar of Yredelemnul.
   849 | D:2      | Reached XP level 3. HP: 35/35 MP: 2/2
  1032 | D:2      | Reached XP level 4. HP: 35/42 MP: 3/3
  1081 | D:2      | Reached skill level 4 in Unarmed Combat
  1354 | D:3      | Found a hazy altar of Hepliaklqana.
  1451 | D:3      | Noticed an ogre
  1460 | D:3      | Slain by an ogre

Illustrated notes

Levels and vault maps discovered:
D:1:      lemuel_arrival_broad_hall, layout_loops_ring,
          hellmonk_ecumenical_altar_lost_god, serial_bayou_crossing
D:2:      layout_rooms, basic_altar, minivault_11
D:3:      layout_loops_ring, mainiacjoe_overflow_paths, jmf_multi_god_temple2

Skill      XL: |  1  2  3  4 |
---------------+-------------+-----
Throwing       | 2 |  2.5
Fighting       | 2 |  2.2
Unarmed Combat | 4 |  4.1
Dodging        | |  2.9

Action                     |  1- 3 |  4- 6 || total
---------------------------+-------+-------++-------
  Melee: Unarmed           |    73 |    30 ||   103
         Punch             |     1 |     1 ||     2
  Throw: Dart              |       |     4 ||     4
         Large rock        |       |     1 ||     1
    Use: Scroll            |     3 |     1 ||     4
         Potion            |       |     1 ||     1
   Stab: Sleeping          |     2 |       ||     2
 Armour: Robe              |    14 |     3 ||    17
  Dodge: Dodged            |    29 |     3 ||    32
